 Dungeon Crawl Stone Soup version 0.25-a0-364-ge76b031 (webtiles) character file.

Game seed: 4837590876485680549, levelgen mode: deterministic

267 Birdy the Charmwright (level 6, 0/32 HPs)
             Began as a Vine Stalker Skald on Jan 5, 2020.
             Was a Follower of Wu Jian.
             Slain by a hound (2 damage)
             ... on level 4 of the Dungeon.
             The game lasted 00:04:58 (2687 turns).

Birdy the Charmwright (Vine Stalker Skald)          Turns: 2687, Time: 00:04:59

Health: 0/32       AC:  3    Str: 14      XL:     6   Next: 21%
Magic:  0/11       EV: 11    Int: 10 (13) God:    Wu Jian [*.....]
Gold:   57         SH:  0    Dex: 12 (15) Spells: 8/11 levels left

rFire    . . .     SeeInvis .   a - +0 hand axe
rCold    . . .     Gourm    .   (no shield)
rNeg     . . .     Faith    .   b - +0 leather armour
rPois    .         Spirit   +   (no helmet)
rElec    .         Reflect  .   (no cloak)
rCorr    .         Harm     .   (no gloves)
MR       .....                  (no boots)
Stlth    +.........             (no amulet)
HPRegen  0.50/turn              (no ring)
MPRegen  0.12/turn              (no ring)

@: infused, singing, very slightly contaminated
A: fangs 2, regeneration 1, magic shield, antimagic bite, no potion heal 3, rot
immunity
a: Renounce Religion


You were on level 4 of the Dungeon.
You worshipped Wu Jian.
Wu Jian was aware of your devotion.
You were not hungry.

You visited 1 branch of the dungeon, and saw 4 of its levels.

You collected 57 gold pieces.

Inventory:

Hand Weapons
 a - a +0 hand axe (weapon)
Armour
 b - a +0 leather armour (worn)
Scrolls
 c - 2 scrolls of remove curse
 e - 2 scrolls of teleportation
 g - a scroll of identify
 h - 2 scrolls of enchant weapon
Comestibles
 d - 6 rations
 f - 2 chunks of flesh


   Skills:
 + Level 2.8 Fighting
 + Level 2.9 Axes
 - Level 0.7 Armour
 - Level 1.5 Dodging
 + Level 3.2 Spellcasting
 - Level 5.1 Charms


You had 8 spell levels left.
You knew the following spells:

 Your Spells              Type           Power        Failure   Level  Hunger
a - Infusion              Chrm           ##..         4%          1    #......
b - Song of Slaying       Chrm           ##......     6%          2    ###....

Your spell library contained the following spells:

 Spells                   Type           Power        Failure   Level  Hunger
 Shroud of Golubria       Chrm/Tloc      #.....       19%         2    ###....
 Ozocubu's Armour         Chrm/Ice       #.......     36%         3    ###....
 Spectral Weapon          Hex/Chrm       #.......     36%         3    ###....


Dungeon Overview and Level Annotations

Branches:
Dungeon (4/15)
 Temple: D:4-7

Altars:
Dithmenos
Nemelex Xobeh
Wu Jian


Innate Abilities, Weirdness & Mutations

You have extremely sharp teeth.
Your natural rate of healing is unusually fast.
When hurt, damage is shared between your health and your magic reserves.
Your bite disrupts and absorbs the magic of your enemies.
Potions cannot restore your health.
You are immune to rotting.


Message History

Things that are here:
a +0 leather armour; an orc corpse
Okay, then.
You slash the hound skeleton! You bite the hound skeleton.
You destroy the hound skeleton!
The Council accepts your kill.
You miss something. You hit the hound. The hound bites you.
* * * LOW HITPOINT WARNING * * *
The hound bites you but does no damage. Something hits you.
* * * LOW HITPOINT WARNING * * *
You closely miss the hound.
The hound is moderately wounded.
You closely miss something. The hound bites you.
* * * LOW HITPOINT WARNING * * *
Something hits you but does no damage. The hound bites you but does no damage.
Unknown command.
You hit the hound. Your bite misses the hound.
The hound is heavily wounded.
You barely miss something. The hound bites you.
You die...

### ..# ###.###
#.....#
#####†#.#
#<......#
#####.).# #
#####.h)#.#.#.#
#......@{.....#
#.####....#.#.#
.....##
#.##..... #
.......#
#######... ...
##


You could see a hound.

Vanquished Creatures
  A scorpion (D:3)
  A hound (D:3)
  An orc priest (D:3)
  A hound skeleton (D:4)
  6 adders
  An ooze (D:2)
  A worm (D:3)
  4 leopard geckos
  6 orcs
  A ball python (D:1)
  6 bats
  4 giant cockroaches
  7 hobgoblins
  6 jackals (D:3)
  3 kobolds
  2 quokkas
  8 frilled lizards
  9 goblins
  9 rats
77 creatures vanquished.

Notes
Turn   | Place    | Note
-------+----------+-------------------------------------------
     0 | D:1      | Birdy the Vine Stalker Skald began the quest for the Orb.
     0 | D:1      | Reached XP level 1. HP: 11/11 MP: 4/4
   337 | D:1      | Reached XP level 2. HP: 15/15 MP: 6/6
   575 | D:1      | Reached skill level 4 in Charms
   706 | D:1      | Reached XP level 3. HP: 18/18 MP: 7/7
   846 | D:1      | Learned a level 2 spell: Song of Slaying
  1264 | D:2      | Gained mutation: Your natural rate of healing is unusually
                  | fast. [Vine Stalker growth]
  1264 | D:2      | Reached XP level 4. HP: 19/23 MP: 8/8
  1339 | D:2      | Found an ornate altar of the Wu Jian Council.
  1362 | D:2      | Became a worshipper of the Wu Jian Council
  1439 | D:2      | Found a shadowy altar of Dithmenos.
  1439 | D:2      | Found a sparkling altar of Nemelex Xobeh.
  2121 | D:3      | Reached skill level 5 in Charms
  2128 | D:3      | Reached XP level 5. HP: 7/26 MP: 1/9
  2226 | D:3      | Reached * piety under Wu Jian
  2488 | D:3      | Reached XP level 6. HP: 17/32 MP: 4/11
  2686 | D:4      | HP: 1/32 [hound (2)]
  2687 | D:4      | Slain by a hound

Levels and vault maps discovered:
D:1:      lightli_arrival_noodles, layout_rooms
D:2:      layout_basic, lemuel_round_altar, gammafunk_temple_overflow_elements
D:3:      layout_rooms, minivault_27, kennysheep_generic_room_13
D:4:      layout_basic, minmay_temple_entry_fiery, uniq_eustachio, uniq_ijyb,
          uniq_duvessa

Skill      XL: |  1  2  3  4  5 |
---------------+----------------+-----
Charms         | 4 5 |  5.1
Fighting       | 2 |  2.8
Axes           | 2 |  2.9
Spellcasting   | 3 |  3.2
Armour         | |  0.7
Dodging        | |  1.5

Action                   |  1- 3 |  4- 6 || total
-------------------------+-------+-------++-------
Melee: Hand axe          |    90 |   137 ||   227
       Bite              |    12 |    19 ||    31
 Cast: Infusion          |     2 |     4 ||     6
       Song of Slaying   |       |     4 ||     4
Invok: Lunge             |       |     8 ||     8
       Whirlwind         |       |    19 ||    19
  Use: Scroll            |     3 |     2 ||     5
       Potion            |       |     3 ||     3
  Eat: Chunk             |     1 |     5 ||     6
Armor: Leather armour    |    12 |    29 ||    41
       Skin              |       |    47 ||    47
Dodge: Dodged            |    51 |    95 ||   146

Table legend:
 A = Non-vault XP
 B = Vault XP
 C = Vault XP percentage of total XP
 D = Non-vault monster count
 E = Vault monster count
 F = Vault count percentage of total count
                 A         B        C        D         E       F
            +---------+---------+-------+---------+---------+-------
      Total |     382 |       0 |   0.0 |      77 |       0 |   0.0
            +---------+---------+-------+---------+---------+-------
        D:1 |      34 |       0 |   0.0 |      19 |       0 |   0.0
        D:2 |      64 |       0 |   0.0 |      23 |       0 |   0.0
        D:3 |     250 |       0 |   0.0 |      29 |       0 |   0.0
        D:4 |      34 |       0 |   0.0 |       6 |       0 |   0.0
            +---------+---------+-------+---------+---------+-------
